 Dungeon Crawl Stone Soup version 0.17.1-3-g152610e (webtiles) character file.

415 DanteCalvez the Magician (level 6, -3/32 HPs)
             Began as a Deep Elf Wizard on Apr 20, 2016.
             Slain by a worker ant (5 damage)
             ... on level 4 of the Dungeon.
             The game lasted 00:06:57 (3260 turns).

DanteCalvez the Magician (Deep Elf Wizard)          Turns: 3260, Time: 00:06:57

Health: -3/32      AC:  2    Str:  6    XL:     6   Next: 60%
Magic:  10/18      EV: 12    Int: 23    God:
Gold:   189        SH:  0    Dex: 13    Spells: 6 memorised, 6 levels left

rFire  . . .     SeeInvis .     e - +0 dagger
rCold  . . .     Clarity  .     a - +0 robe
rNeg   . . .     SustAt   .     (no shield)
rPois  .         Gourm    .     b - +0 hat
rElec  .         Spirit   .     (no cloak)
rCorr  .         Warding  .     (no gloves)
rMut   .         Stasis   .     (no boots)
MR     .....                    (no amulet)
Stlth  ++........               (no ring)
                                (no ring)

@: lethally poisoned (-3 -> -16), not resistant to hostile enchantments,
unstealthy
A: no striking features
a: no special abilities


You were on level 4 of the Dungeon.
You were not hungry.

You visited 1 branch of the dungeon, and saw 4 of its levels.

You collected 189 gold pieces.


   Skills:
 - Level 2.4 Dodging
 - Level 2.4 Stealth
 + Level 1.0 Shields
 - Level 7.0 Spellcasting
 + Level 5.1 Conjurations
 + Level 1.5 Charms
 + Level 1.7 Summonings
 + Level 1.7 Translocations


You had 6 spell levels left.
You knew the following spells:

 Your Spells              Type           Power        Failure   Level  Hunger
a - Call Imp              Summ           ###.....     10%         2    None
b - Blink                 Tloc           N/A          10%         2    None
d - Mephitic Cloud        Conj/Pois/Air  ###.....     14%         3    None
q - Conjure Flame         Conj/Fire      ###.....     10%         3    None
r - Repel Missiles        Chrm/Air       ##....       10%         2    None
s - Magic Dart            Conj           ####         1%          1    None

Inventory:

Hand Weapons
 e - a +0 dagger (weapon)
Missiles
 n - 34 poisoned needles
 w - 8 curare-tipped needles {=f}
Armour
 a - a +0 robe (worn)
 b - a +0 hat (worn)
 k - a +0 pair of boots
 A - a +0 buckler
Scrolls
 g - 2 scrolls of remove curse {unknown}
 j - 2 scrolls of random uselessness {unknown}
 m - a scroll of identify {unknown}
 p - 2 scrolls of teleportation {unknown}
 v - a scroll of fog {unknown}
 x - a scroll of enchant weapon {unknown}
 y - a scroll of enchant armour {unknown}
Potions
 l - a potion of resistance {unknown}
 o - a potion of heal wounds {unknown}
 q - 2 potions of curing {unknown}
 s - 3 potions of brilliance {unknown}
 t - a potion of agility {unknown}
 u - 2 potions of poison {unknown}
Books
 c - a book of Minor Magic

   Spells                             Type                      Level
   a - Magic Dart                     Conjuration                  1
   b - Blink                          Translocation                2
   c - Call Imp                       Summoning                    2
   d - Repel Missiles                 Charms/Air                   2
   e - Slow                           Hexes                        2
   f - Conjure Flame                  Conjuration/Fire             3
   g - Mephitic Cloud                 Conjuration/Poison/Air       3
Comestibles
 d - 2 bread rations
 f - a beef jerky
 h - 10 fruits
 i - 2 meat rations
 r - a slice of pizza
 z - 2 chunks of flesh

Dungeon Overview and Level Annotations

Branches:
Dungeon (4/15)
 Temple: D:4-7

Altars:

# .# .#. .# ..
###.### ##. ......
#..## #.... #..#
#.#.# ##
#.#.###.###.#a#...##
............e.......
..####)###.###?..##
#.# ### ## #.# #.#
#[########
#<[.......
##########


You could see a worker ant.


Message History

Aim: a worker ant (almost dead)
The magic dart hits the worker ant.
The worker ant is almost dead.
You feel sick. The worker ant bites you!
Aiming: Magic Dart
Aim: a worker ant (almost dead)
The magic dart hits the worker ant.
The worker ant is almost dead.
You feel sick. The worker ant barely misses you.
Aiming: Magic Dart
Aim: a worker ant (almost dead)
The magic dart hits the worker ant.
The worker ant is almost dead.
You feel sick. The worker ant bites you!
* * * LOW HITPOINT WARNING * * *
You are more poisoned.
The worker ant poisons you!
Aiming: Magic Dart
Aim: a worker ant (almost dead)
The magic dart hits the worker ant.
The worker ant is almost dead.
* * * LOW HITPOINT WARNING * * *
You feel sick. The worker ant misses you.
Aiming: Magic Dart
Aim: a worker ant (almost dead)
The magic dart hits the worker ant.
The worker ant is almost dead.
* * * LOW HITPOINT WARNING * * *
You feel sick. The worker ant closely misses you. The worker ant bites you.
You die...

Action                   |  1- 3 |  4- 6 || total
-------------------------+-------+-------++-------
Melee: Dagger            |     1 |       ||     1
 Cast: Magic Dart        |   119 |    78 ||   197
       Repel Missiles    |     1 |       ||     1
       Conjure Flame     |       |     1 ||     1
  Eat: Chunk             |     3 |     4 ||     7

Vault maps used:
D:1:      dpeg_arrival_subterranean_lakeside_camping, st_stairs_7
D:2:      first_bread, kennysheep_generic_room_16, uniq_sigmund
D:3:      dk_noncrumbling_4
D:4:      yredelemnul_altar_generic, uniq_eustachio

Notes
Turn   | Place    | Note
--------------------------------------------------------------
     0 | D:1      | DanteCalvez the Deep Elf Wizard began the quest for the Orb.
     0 | D:1      | Reached XP level 1. HP: 10/10 MP: 7/7
   137 | D:1      | Reached skill level 2 in Conjurations
   137 | D:1      | Reached XP level 2. HP: 15/15 MP: 5/9
   358 | D:1      | Learned a level 2 spell: Call Imp
   361 | D:1      | Learned a level 2 spell: Blink
   364 | D:1      | Learned a level 2 spell: Repel Missiles
   918 | D:2      | Reached skill level 5 in Spellcasting
   933 | D:2      | Reached XP level 3. HP: 19/19 MP: 5/11
  1242 | D:2      | Reached skill level 3 in Conjurations
  1821 | D:2      | Reached XP level 4. HP: 24/24 MP: 8/13
  1826 | D:2      | Learned a level 3 spell: Conjure Flame
  1830 | D:2      | Learned a level 3 spell: Mephitic Cloud
  1883 | D:2      | Noticed Sigmund
  1895 | D:2      | Killed Sigmund
  1895 | D:2      | Reached skill level 6 in Spellcasting
  1895 | D:2      | Reached skill level 4 in Conjurations
  1895 | D:2      | Reached XP level 5. HP: 28/28 MP: 0/16
  2572 | D:3      | Reached XP level 6. HP: 26/32 MP: 8/17
  2828 | D:4      | Reached skill level 5 in Conjurations
  2840 | D:4      | Reached skill level 7 in Spellcasting
  2904 | D:3      | Reached skill level 1 in Shields
  2904 | D:3      | Reached skill level 1 in Charms
  3259 | D:4      | HP: 3/32 [poisoned by a worker ant]
  3260 | D:4      | Slain by a worker ant

Vanquished Creatures
  Sigmund (D:2)
  3 hounds
  2 orc priests (D:4)
  4 adders
  An ooze (D:4)
  2 worms (D:2)
  2 orcs (D:4)
  3 giant cockroaches
  6 goblins
  6 hobgoblins
  3 jackals (D:2)
  6 kobolds
  8 bats
  5 giant geckos
  3 giant newts
  A quokka (D:3)
  14 rats
70 creatures vanquished.
